[Event "December 19 Early 2023"]
[Site "https://www.chess.com"]
[Date "2023.12.19"]
[Round "2"]
[White "Bettalli, Francesco"]
[Black "Mitrabha, Guha"]
[Result "0-1"]
[Board "43"]
[TimeControl "180+1"]
[WhiteFideId "2816453"]
[BlackFideId "5057000"]
[WhiteElo "2226"]
[BlackElo "2512"]
[WhiteTeam "ITA"]
[BlackTeam "IND"]
[WhiteClock "0:00:00"]
[BlackClock "0:01:07"]

1. e4 c6 2. d4 d5 3. e5 Bf5 4. Nc3 e6 5. g4 Bg6 6. h4 h5 7. g5 c5 8. Nge2 Nc6 9. Be3 Nge7 10. Nf4 Bf5 11. Nxh5 cxd4 12. Nb5 dxe3 13. Nd6+ Kd7 14. Nxf7 exf2+ 15. Kxf2 Qb6+ 16. Ke1 Nb4 17. Qe2 Nxc2+ 18. Kd1 Rxh5 19. Rc1 Qd4+ 20. Qd2 Bg4+ 21. Be2 Bxe2+ 22. Kxe2 Qe4+ 23. Kf2 Nd4 24. Rc3 Qxh1 25. Qxd4 Nc6 26. Rxc6 Qh2+ 0-1

[Event "December 19 Early 2023"]
[Site "https://www.chess.com"]
[Date "2023.12.19"]
[Round "2"]
[White "Kamsky, Gata"]
[Black "TitarovVasiliYouTube"]
[Result "1-0"]
[Board "44"]
[TimeControl "180+1"]
[WhiteFideId "2000024"]
[WhiteElo "2660"]
[BlackElo "2583"]
[WhiteTeam "USA"]
[WhiteClock "0:00:39"]
[BlackClock "0:00:00"]

1. d4 d5 2. Bf4 Nf6 3. e3 e6 4. Nf3 Bd6 5. Bg3 O-O 6. c4 b6 7. Nc3 Bb7 8. cxd5 exd5 9. Bd3 a6 10. O-O Bxg3 11. hxg3 Nbd7 12. b4 Qe7 13. a3 c6 14. Qc2 a5 15. Qb2 axb4 16. axb4 b5 17. Rfb1 Nb6 18. Ne2 Rfb8 19. Ne5 Nc4 20. Qc3 Nd7 21. Nxd7 Qxd7 22. Nf4 Qd6 23. Bc2 Bc8 24. e4 dxe4 25. Bxe4 Bd7 26. Rd1 g6 27. Nd3 Be6 28. Ne5 Bd5 29. Bf3 Bxf3 30. gxf3 Qd5 31. f4 Rd8 32. Nxc4 bxc4 33. Rac1 Ra4 34. Qxc4 Qxc4 35. Rxc4 Rd5 36. Rd2 h5 37. Kg2 Kf8 38. Rb2 1-0

[Event "December 19 Early 2023"]
[Site "https://www.chess.com"]
[Date "2023.12.19"]
[Round "2"]
[White "Andreev, Konstantin"]
[Black "Jumabayev, Rinat"]
[Result "0-1"]
[Board "45"]
[TimeControl "180+1"]
[WhiteFideId "24239305"]
[BlackFideId "13702661"]
[WhiteElo "2093"]
[BlackElo "2561"]
[WhiteTeam "ITA"]
[BlackTeam "KAZ"]
[WhiteClock "0:00:17"]
[BlackClock "0:00:06"]

1. e4 e6 2. d4 d5 3. Nc3 Nf6 4. e5 Nfd7 5. f4 c5 6. Nf3 Nc6 7. Be3 a6 8. Ne2 Qb6 9. Rb1 a5 10. c3 a4 11. a3 cxd4 12. cxd4 Qa5+ 13. Bd2 Qa7 14. g4 h5 15. gxh5 b5 16. Be3 b4 17. axb4 Bxb4+ 18. Kf2 Nb6 19. Ng3 Nc4 20. Bxc4 dxc4 21. Ne4 Qb7 22. Qc2 Ne7 23. Neg5 Qd5 24. Rhc1 Bb7 25. Qxc4 Qxc4 26. Rxc4 Nd5 27. Ra1 Rxh5 28. Ne4 Kd7 29. Nc5+ Bxc5 30. dxc5 Rh3 31. Nd4 Nxe3 32. c6+ Bxc6 33. Rxc6 Nf5 34. Rc4 Rxh2+ 35. Kg1 Rah8 36. Raxa4 Rh1+ 37. Kf2 R8h2+ 38. Kf3 Rh3+ 39. Kf2 R3h2+ 40. Kf3 Rf1+ 41. Kg4 Rg1+ 42. Kf3 Rg3+ 0-1

[Event "December 19 Early 2023"]
[Site "https://www.chess.com"]
[Date "2023.12.19"]
[Round "2"]
[White "Harutjunyan, Gevorg"]
[Black "Belov, Alexei"]
[Result "1-0"]
[Board "46"]
[TimeControl "180+1"]
[WhiteFideId "13300873"]
[BlackFideId "4128206"]
[WhiteElo "2436"]
[BlackElo "2580"]
[WhiteTeam "ARM"]
[BlackTeam "RUS"]
[WhiteClock "0:00:36"]
[BlackClock "0:00:00"]

1. e4 e6 2. d4 d5 3. Nc3 Nf6 4. Bg5 dxe4 5. Nxe4 Be7 6. Bxf6 Bxf6 7. Nf3 O-O 8. Qe2 Nd7 9. O-O-O b6 10. h4 Bb7 11. Neg5 h6 12. Ne4 Be7 13. Ne5 Nf6 14. Nxf6+ Bxf6 15. f4 Qd5 16. Kb1 Rad8 17. Qe3 c5 18. Bc4 Qxg2 19. Rhg1 Qe4 20. Qxe4 Bxe4 21. dxc5 Bxe5 22. fxe5 bxc5 23. b3 Rfe8 24. Bb5 Rf8 25. Bc4 Bf3 26. Rdf1 Bh5 27. Bd3 Rd4 28. Rh1 f5 29. exf6 Rxf6 30. Re1 Kf7 31. Re5 Bg6 32. Bxg6+ Kxg6 33. h5+ Kh7 34. Rxc5 Rf5 35. Rc7 Rdd5 36. Rxa7 Rxh5 37. Re1 Rde5 38. Rc1 Rh4 39. a4 h5 40. a5 Rb4 41. Kb2 Re2 42. a6 h4 43. Rb7 Ree4 44. a7 Rxb7 45. a8=Q Rbb4 46. Rg1 1-0

[Event "December 19 Early 2023"]
[Site "https://www.chess.com"]
[Date "2023.12.19"]
[Round "2"]
[White "Parpiev, Isaak"]
[Black "Szpar, Milosz"]
[Result "1-0"]
[Board "47"]
[TimeControl "180+1"]
[WhiteFideId "34281576"]
[BlackFideId "1184989"]
[WhiteElo "2183"]
[BlackElo "2446"]
[WhiteTeam "RUS"]
[BlackTeam "POL"]
[WhiteClock "0:00:09"]
[BlackClock "0:00:02"]

1. e4 e6 2. d3 d5 3. Nd2 Nf6 4. Ngf3 Be7 5. g3 O-O 6. Bg2 a5 7. O-O a4 8. a3 Nc6 9. e5 Nd7 10. d4 Na5 11. c3 c5 12. Qxa4 b5 13. Qd1 Nc6 14. Re1 Bb7 15. Nf1 b4 16. h4 bxc3 17. bxc3 Qa5 18. Bd2 Qa4 19. Qb1 Ba6 20. Be3 Rab8 21. Qc1 Rfc8 22. Qd2 Na5 23. Reb1 Rxb1 24. Rxb1 Qxa3 25. Bg5 Bf8 26. h5 h6 27. Bf4 Nc4 28. Qe1 Ndb6 29. Ra1 Qb2 30. Rxa6 cxd4 31. cxd4 Bb4 32. Qd1 Bc3 33. g4 Qb5 34. Ra7 Nb2 35. Qb1 Qe2 36. Ng3 Qc4 37. Bf1 Qb4 38. g5 Qf8 39. gxh6 gxh6 40. Bh3 Re8 41. Kh2 N6c4 42. Ne2 Bb4 43. Qg1+ Kh8 44. Qg4 Nd3 45. Bg3 Be7 46. Nh4 Qg8 47. Qf3 Qg7 48. Qxd3 Nb2 49. Qf3 Nc4 50. Rd7 Nd2 51. Qe3 Ne4 52. Ng2 Bg5 53. Qf3 Rf8 54. Bh4 Nd2 55. Qg4 Nf1+ 56. Kg1 f5 57. exf6 Qxd7 58. Bxg5 Rg8 59. Kxf1 Rxg5 60. Qxe6 Qb7 61. Qe8+ Kh7 62. Bf5+ Rxf5 63. Qg6+ Kh8 64. Qxf5 Qa7 65. Qc8+ Kh7 66. Qf5+ Kg8 67. Qg6+ Kf8 68. Qg7+ 1-0

[Event "December 19 Early 2023"]
[Site "https://www.chess.com"]
[Date "2023.12.19"]
[Round "2"]
[White "Tao, Sihan"]
[Black "Ashraf, Artin"]
[Result "0-1"]
[Board "48"]
[TimeControl "180+1"]
[WhiteFideId "30982677"]
[BlackFideId "22514805"]
[WhiteElo "1943"]
[BlackElo "2268"]
[WhiteTeam "USA"]
[BlackTeam "IRI"]
[WhiteClock "0:00:31"]
[BlackClock "0:01:28"]

1. d4 Nf6 2. c4 e6 3. Nf3 b6 4. g3 Ba6 5. Qc2 c5 6. Bg2 Bb7 7. O-O Nc6 8. Rd1 cxd4 9. Nxd4 Nxd4 10. Rxd4 Bxg2 11. Kxg2 Rc8 12. b3 Qc7 13. Bb2 Be7 14. Nc3 O-O 15. Rad1 d5 16. cxd5 Nxd5 17. Rc4 Qb7 18. Qe4 Bf6 19. Nxd5 exd5 20. Qxd5 Qxd5+ 21. Rxd5 Bxb2 22. Rxc8 Rxc8 23. Rd7 Ra8 24. Kf3 Kf8 25. Ke4 Ke8 26. Rd2 Ba3 27. Rc2 Rd8 28. e3 Ke7 29. Kf3 Rd7 30. Ke2 Ke6 31. Rc4 Bd6 32. Rc2 Rc7 33. Rd2 g5 34. Kf3 h5 35. h3 f5 36. Re2 Be5 37. Rd2 g4+ 38. hxg4 hxg4+ 39. Kg2 b5 40. Kf1 a5 41. Ke2 a4 42. bxa4 bxa4 43. Kd3 Rc3+ 44. Ke2 Rc1 45. Kd3 Rc3+ 46. Ke2 a3 47. Kd1 Rc4 48. Rd3 Bb2 49. Ke1 Rc1+ 50. Rd1 Rxd1+ 51. Kxd1 Kd5 52. Kd2 Ke4 53. Ke2 Bc3 54. Kf1 Kf3 55. Kg1 Be1 56. e4 fxe4 57. Kf1 Bd2 0-1

[Event "December 19 Early 2023"]
[Site "https://www.chess.com"]
[Date "2023.12.19"]
[Round "2"]
[White "Materia, Marco"]
[Black "Truskavetsky, Alexandr"]
[Result "0-1"]
[Board "49"]
[TimeControl "180+1"]
[WhiteFideId "45150451"]
[BlackFideId "14108577"]
[WhiteElo "2451"]
[BlackElo "2210"]
[WhiteTeam "FRA"]
[BlackTeam "RUS"]
[WhiteClock "0:00:05"]
[BlackClock "0:01:20"]

1. Nf3 Nf6 2. c4 g6 3. Nc3 Bg7 4. e4 O-O 5. d4 d6 6. Bg5 c5 7. d5 b5 8. cxb5 Qa5 9. Bd3 a6 10. bxa6 Bxa6 11. O-O Nbd7 12. Re1 c4 13. Bf1 Nc5 14. Nd4 Nd3 15. Nc6 Qc7 16. Bxd3 cxd3 17. Rc1 h6 18. Bh4 g5 19. Bg3 Qb7 20. b4 e5 21. a4 Bc4 22. h4 Rfc8 23. b5 Nd7 24. Ne7+ Kf8 25. Nf5 Qb6 26. hxg5 hxg5 27. Re3 Nf6 28. Qd2 Nd7 29. Rf3 f6 30. Bh2 Nc5 31. Qd1 d2 32. Rb1 Bd3 33. Rb2 Nxe4 34. Rxd3 Nxf2 35. Qxd2 Nxd3+ 36. Kf1 Nxb2 37. Qxb2 Qc5 38. Ne2 Qxd5 39. b6 Rxa4 40. b7 Rb8 41. Qb6 Ra1+ 42. Kf2 Qc5+ 43. Qxc5 dxc5 44. Nd6 Ra6 45. Nf5 Rxb7 46. Neg3 c4 47. Nh5 Bh8 48. Kf3 c3 49. Bg1 c2 50. Bc5+ Kf7 0-1

[Event "December 19 Early 2023"]
[Site "https://www.chess.com"]
[Date "2023.12.19"]
[Round "2"]
[White "Rodriguez Fontecha, Marcos"]
[Black "Yeletsky, Ivan"]
[Result "0-1"]
[Board "50"]
[TimeControl "180+1"]
[WhiteFideId "2256576"]
[BlackFideId "24180327"]
[WhiteElo "2249"]
[BlackElo "2379"]
[WhiteTeam "ESP"]
[BlackTeam "RUS"]
[WhiteClock "0:01:33"]
[BlackClock "0:01:25"]

1. d4 d5 2. Bf4 Bf5 3. e3 e6 4. c4 Bxb1 5. Qxb1 Bb4+ 6. Kd1 Bd6 7. Bg3 Nf6 8. Bd3 dxc4 9. Bxc4 c5 10. Qd3 Nc6 11. Nf3 cxd4 12. Nxd4 Nxd4 13. Qxd4 Bxg3 14. Bb5+ Ke7 15. hxg3 a6 16. Ba4 Qa5 17. Ke2 Rhd8 18. Qh4 g5 19. Qc4 Rac8 20. Qb3 Qd2+ 21. Kf1 Rc1+ 22. Rxc1 Qxc1+ 23. Ke2 Rd2+ 24. Kf3 g4+ 25. Kf4 Rxf2+ 26. Kg5 Rf5+ 27. Kh6 Qxh1+ 28. Kg7 Rg5+ 29. Kh8 Rg8# 0-1

[Event "December 19 Early 2023"]
[Site "https://www.chess.com"]
[Date "2023.12.19"]
[Round "2"]
[White "Livaic, Leon"]
[Black "Toman, Ondrej"]
[Result "1-0"]
[Board "51"]
[TimeControl "180+1"]
[WhiteFideId "14531534"]
[BlackFideId "344516"]
[WhiteElo "2541"]
[BlackElo "2157"]
[WhiteTeam "CRO"]
[BlackTeam "CZE"]
[WhiteClock "0:00:05"]
[BlackClock "0:00:09"]

1. d4 Nf6 2. c4 e6 3. Nf3 d5 4. Nc3 c5 5. Bg5 Be7 6. cxd5 cxd4 7. Qxd4 exd5 8. e3 Nc6 9. Qa4 O-O 10. Be2 h6 11. Bh4 Be6 12. O-O Nd7 13. Bxe7 Qxe7 14. Rfd1 Rfd8 15. Nxd5 Bxd5 16. Rxd5 Nb6 17. Rxd8+ Rxd8 18. Qb3 Qb4 19. Qxb4 Nxb4 20. a3 Nc6 21. Rc1 Kf8 22. Bb5 Na5 23. Kf1 a6 24. Be2 Na4 25. b4 Nb3 26. Rc7 Nd2+ 27. Ke1 Nb1 28. Ne5 Nxa3 29. Rxf7+ Kg8 30. Rxb7 Nc3 31. Rd7 Rb8 32. Bxa6 Rxb4 33. Bd3 g5 34. Kd2 Na4 35. Bh7+ Kf8 36. Bd3 Rb1 37. Bxb1 Nxb1+ 38. Ke2 Nbc3+ 39. Kd3 Nc5+ 40. Kxc3 Nxd7 41. Nxd7+ Ke7 42. Nc5 1-0

[Event "December 19 Early 2023"]
[Site "https://www.chess.com"]
[Date "2023.12.19"]
[Round "2"]
[White "Nanu, Costica-Ciprian"]
[Black "Popov, Konstantin"]
[Result "0-1"]
[Board "52"]
[TimeControl "180+1"]
[WhiteFideId "1204580"]
[BlackFideId "34137910"]
[WhiteElo "2485"]
[BlackElo "2340"]
[WhiteTeam "ROU"]
[BlackTeam "FID"]
[WhiteClock "0:01:15"]
[BlackClock "0:02:05"]

1. Nf3 d5 2. c4 c6 3. e3 Nf6 4. Nc3 g6 5. d4 Bg7 6. Be2 O-O 7. O-O a6 8. b3 Bg4 9. Bb2 e6 10. Ne5 Bxe2 11. Qxe2 Nbd7 12. Nxd7 Qxd7 13. Na4 Rad8 14. Nc5 Qc8 15. Rac1 Rfe8 16. Rfd1 Nd7 17. cxd5 exd5 18. b4 Nb6 19. Qf3 Nc4 20. Bc3 b6 21. Nb3 Qe6 22. a4 Bf8 23. Nd2 b5 24. a5 h5 25. Nf1 Qg4 26. Qxg4 hxg4 27. Ng3 f5 28. Ne2 Bd6 29. Kf1 Kf7 30. Ng3 Rh8 31. Kg1 Rh7 32. Nf1 Bxh2+ 33. Nxh2 Rdh8 34. f3 Rxh2 35. fxg4 Nxe3 36. Rd3 Rxg2# 0-1

[Event "December 19 Early 2023"]
[Site "https://www.chess.com"]
[Date "2023.12.19"]
[Round "2"]
[White "Ismagilov, Damir"]
[Black "Maksimovic, Bojan"]
[Result "0-1"]
[Board "53"]
[TimeControl "180+1"]
[WhiteFideId "34199982"]
[BlackFideId "14408120"]
[WhiteElo "2131"]
[BlackElo "2527"]
[WhiteTeam "RUS"]
[BlackTeam "BIH"]
[WhiteClock "0:00:00"]
[BlackClock "0:00:18"]

1. d4 g6 2. c4 Bg7 3. e4 d6 4. Nc3 e5 5. d5 a5 6. Be2 Na6 7. Nf3 Nf6 8. O-O Nc5 9. Qc2 O-O 10. b3 Nh5 11. g3 f5 12. Bg5 Bf6 13. Bh6 Bg7 14. Bg5 Qe8 15. Nh4 Nf6 16. exf5 gxf5 17. Be3 b6 18. Rae1 Nce4 19. Nxe4 fxe4 20. f4 Bh3 21. Rf2 Ng4 22. Bxg4 Bxg4 23. f5 Bf6 24. Qxe4 Bh3 25. Nf3 Kh8 26. Kh1 Qh5 27. Nd2 Rg8 28. Rg1 Raf8 29. a3 Bg4 30. b4 axb4 31. axb4 Be7 32. Rgf1 Rf6 33. Qc2 Rgf8 34. Ne4 Rxf5 35. Rxf5 Rxf5 36. Rxf5 Qxf5 37. Kg1 Bf3 38. Qf2 Bxe4 0-1

[Event "December 19 Early 2023"]
[Site "https://www.chess.com"]
[Date "2023.12.19"]
[Round "2"]
[White "Pichot, Alan"]
[Black "Stepanencu, Nicodim-Cosmin"]
[Result "0-1"]
[Board "54"]
[TimeControl "180+1"]
[WhiteFideId "110973"]
[BlackFideId "1256220"]
[WhiteElo "2592"]
[BlackElo "2154"]
[WhiteTeam "ESP"]
[BlackTeam "ROU"]
[WhiteClock "0:00:05"]
[BlackClock "0:00:06"]

1. e4 e6 2. d4 d5 3. Nd2 c5 4. Ngf3 Nc6 5. exd5 exd5 6. Bb5 Qe7+ 7. Be2 cxd4 8. O-O Qc7 9. Nb3 Bd6 10. h3 Nge7 11. Nbxd4 a6 12. c3 O-O 13. Bd3 Ng6 14. Re1 Bd7 15. Be3 Rae8 16. Nf5 Bf4 17. Bc5 Rxe1+ 18. Qxe1 Re8 19. Qd1 Nce5 20. Bd4 Nxd3 21. Nxg7 Re4 22. Qxd3 Bb5 23. Qc2 Rxd4 24. Nxd4 Kxg7 25. Re1 Bh2+ 26. Kh1 Be5 27. Nf5+ Kf8 28. Qd2 Bd7 29. Qh6+ Kg8 30. Qg5 f6 31. Qh5 Qc4 32. Ne3 Qf4 33. Kg1 Qh2+ 34. Kf1 Qh1+ 35. Ke2 Nf4+ 36. Kd1 Qxe1+ 37. Kxe1 Nxh5 38. Nxd5 Nf4 39. Ne3 Bc6 40. Kf1 Bc7 41. h4 Bb6 42. Nf5 Bxg2+ 43. Ke1 Be4 44. Nd6 Bc6 45. Kd2 Bc7 46. Nf5 Be5 47. Ke3 Ne6 48. Kd3 Bf4 49. c4 Kf7 50. b4 Kg6 51. Ne7+ Kf7 52. Nf5 Bg2 53. a4 Be5 54. c5 Nf4+ 55. Kc4 Bf1+ 56. Kb3 Bd3 57. Ne3 Ke6 58. Ng4 h5 59. Ne3 Nd5 60. Nd1 Bd4 61. f3 Ke5 62. b5 axb5 63. a5 Bc4+ 64. Ka3 Bxc5+ 65. Kb2 Bd4+ 66. Ka3 Nc3 67. Nb2 Nb1+ 68. Kb4 Bc3+ 69. Kc5 Bxb2 70. a6 Bd4+ 71. Kb4 bxa6 0-1

[Event "December 19 Early 2023"]
[Site "https://www.chess.com"]
[Date "2023.12.19"]
[Round "2"]
[White "Deng, Henry"]
[Black "Kravtsiv, Martyn"]
[Result "0-1"]
[Board "55"]
[TimeControl "180+1"]
[WhiteFideId "30965454"]
[BlackFideId "14113147"]
[WhiteElo "2566"]
[BlackElo "2689"]
[WhiteTeam "USA"]
[BlackTeam "UKR"]
[WhiteClock "0:02:00"]
[BlackClock "0:01:40"]

1. e4 e5 2. Nf3 Nc6 3. d4 exd4 4. Bc4 Nf6 5. e5 d5 6. Bb5 Ne4 7. Nxd4 Bd7 8. Bxc6 bxc6 9. O-O Bc5 10. f3 Ng5 11. f4 Ne4 12. Be3 Bb6 13. Nd2 Nxd2 14. Qxd2 c5 15. Nf3 d4 16. Bf2 Bc6 17. Rae1 Bxf3 18. gxf3 Qd5 19. Bh4 Kd7 20. f5 Rae8 21. a4 c4 22. Qf4 d3+ 23. Kg2 dxc2 24. Re4 g5 25. fxg6 hxg6 26. Rc1 Rxh4 0-1

[Event "December 19 Early 2023"]
[Site "https://www.chess.com"]
[Date "2023.12.19"]
[Round "2"]
[White "Klymchuk, Andriy"]
[Black "Koutlas, Nikolaos"]
[Result "1-0"]
[Board "56"]
[TimeControl "180+1"]
[WhiteFideId "14140063"]
[BlackFideId "25827138"]
[WhiteElo "2487"]
[BlackElo "2215"]
[WhiteTeam "UKR"]
[BlackTeam "GRE"]
[WhiteClock "0:00:20"]
[BlackClock "0:00:00"]

1. e4 e6 2. d4 d5 3. Nd2 c5 4. exd5 exd5 5. Ngf3 Nf6 6. Bb5+ Nc6 7. O-O Be7 8. dxc5 Bxc5 9. Nb3 Bb6 10. Re1+ Be6 11. Be3 O-O 12. Bxb6 Qxb6 13. Be2 Rac8 14. Nfd4 Ne4 15. c3 Ne5 16. Qc2 Rfe8 17. Bb5 Re7 18. Rad1 Bg4 19. Be2 Qg6 20. Bxg4 Nxg4 21. f3 Ngf2 22. fxe4 Nxd1 23. Qxd1 dxe4 24. Qd2 Rd8 25. Qf4 h6 26. Nd2 f5 27. Nf1 Rf8 28. Ne3 Ref7 29. Rf1 Qb6 30. Rf2 g5 31. Qe5 f4 32. Nd5 Qg6 33. Ne7+ Rxe7 34. Qxe7 e3 35. Rf1 Re8 36. Qxb7 e2 37. Re1 Qd3 38. Qf3 Re3 39. Qf2 Qd2 40. h3 Qxb2 41. Rxe2 Qxc3 42. Nf3 Qa1+ 43. Kh2 Qc3 44. Rc2 Qd3 45. Rc8+ Kh7 46. Qb2 Rxf3 47. gxf3 Qxf3 48. Qc2+ Kg7 49. Rc7+ Kf6 50. Qc3+ Kg6 51. Qxf3 1-0

[Event "December 19 Early 2023"]
[Site "https://www.chess.com"]
[Date "2023.12.19"]
[Round "2"]
[White "Shaik Sumer Arsh"]
[Black "Beerdsen, Thomas"]
[Result "0-1"]
[Board "57"]
[TimeControl "180+1"]
[WhiteFideId "45020000"]
[BlackFideId "1030108"]
[WhiteElo "2358"]
[BlackElo "2550"]
[WhiteTeam "IND"]
[BlackTeam "NED"]
[WhiteClock "0:01:32"]
[BlackClock "0:02:19"]

1. d4 Nf6 2. c4 a6 3. Nf3 b5 4. cxb5 axb5 5. e3 b4 6. Bc4 e6 7. O-O Bb7 8. b3 c5 9. a4 Nc6 10. Bb2 Na5 11. Nbd2 Be7 12. dxc5 Bxc5 13. Bb5 O-O 14. Nc4 Nxc4 15. Bxc4 Ne4 16. Qe2 Nc3 17. Bxc3 bxc3 18. Rac1 Qf6 19. e4 d5 20. e5 Qf4 21. Bb5 d4 22. Ne1 Qxc1 23. Nd3 Qa3 0-1

[Event "December 19 Early 2023"]
[Site "https://www.chess.com"]
[Date "2023.12.19"]
[Round "2"]
[White "Klukin, Kirill"]
[Black "Tifferet, Shakked"]
[Result "1-0"]
[Board "58"]
[TimeControl "180+1"]
[WhiteFideId "24199273"]
[BlackFideId "2811529"]
[WhiteElo "2348"]
[BlackElo "2142"]
[WhiteTeam "RUS"]
[BlackTeam "ISR"]
[WhiteClock "0:00:25"]
[BlackClock "0:00:03"]

1. d4 d5 2. c4 c6 3. Nc3 Nf6 4. Nf3 a6 5. e3 Bg4 6. h3 Bxf3 7. Qxf3 g6 8. g3 Bg7 9. Bg2 O-O 10. O-O dxc4 11. Qe2 b5 12. a4 b4 13. Ne4 Nxe4 14. Bxe4 Qd7 15. Qxc4 Qxh3 16. Qxb4 Nd7 17. Bxc6 Nf6 18. Bg2 Qh5 19. Qc5 Qxc5 20. dxc5 Rab8 21. Rb1 a5 22. Bd2 Rfc8 23. Rfc1 Nd7 24. c6 Ne5 25. c7 Rb3 26. Bxa5 Nd3 27. Rd1 Be5 28. Bf1 Bxc7 29. Bxc7 Nxb2 30. Rd8+ Rxd8 31. Bxd8 Nxa4 32. Rxb3 Nc5 33. Rb8 Nd7 34. Ra8 1-0

[Event "December 19 Early 2023"]
[Site "https://www.chess.com"]
[Date "2023.12.19"]
[Round "2"]
[White "Szalay, Karoly"]
[Black "Brodsky, David"]
[Result "1-0"]
[Board "59"]
[TimeControl "180+1"]
[WhiteFideId "2600544"]
[BlackFideId "2073250"]
[WhiteElo "2562"]
[BlackElo "2837"]
[WhiteTeam "CAN"]
[BlackTeam "USA"]
[WhiteClock "0:00:42"]
[BlackClock "0:00:33"]

1. e3 d5 2. Nc3 e5 3. Nf3 e4 4. Nd4 Nf6 5. d3 Bb4 6. Bd2 exd3 7. Bxd3 O-O 8. O-O Bg4 9. Be2 Bxe2 10. Qxe2 c5 11. Nf5 Nc6 12. a3 Ba5 13. Rad1 Qd7 14. Qf3 Ne5 15. Qf4 Bc7 16. e4 d4 17. Nxg7 Ng6 18. Qxf6 Be5 19. Nh5 Qg4 20. Qxe5 Nxe5 21. Nf6+ Kh8 22. Nxg4 Nxg4 23. Nd5 Rae8 24. f3 Ne5 25. Bf4 Nc4 26. Bc1 f5 27. b3 Nd6 28. Bf4 Nc8 29. e5 Rd8 30. c4 dxc3 31. Nxc3 Ne7 32. Bg5 Rxd1 33. Rxd1 Ng6 34. Bf6+ Kg8 35. Rd7 Rf7 36. Rd8+ Rf8 37. e6 Rxd8 38. Bxd8 Kf8 39. Nd5 Ke8 40. Bf6 1-0

[Event "December 19 Early 2023"]
[Site "https://www.chess.com"]
[Date "2023.12.19"]
[Round "2"]
[White "Durarbayli, Vasif"]
[Black "Tulchynskyi, Feliks"]
[Result "1-0"]
[Board "60"]
[TimeControl "180+1"]
[WhiteFideId "13402935"]
[BlackFideId "34127895"]
[WhiteElo "2551"]
[BlackElo "2131"]
[WhiteTeam "AZE"]
[BlackTeam "UKR"]
[WhiteClock "0:00:08"]
[BlackClock "0:00:10"]

1. e4 e6 2. d4 d5 3. Nc3 Nf6 4. e5 Nfd7 5. f4 c5 6. Nf3 Nc6 7. Be3 a6 8. Ne2 Qb6 9. Qc1 Qc7 10. c3 cxd4 11. cxd4 Bb4+ 12. Kf2 Qb6 13. h4 h5 14. f5 exf5 15. Nf4 Qa5 16. a3 Be7 17. b4 Qd8 18. Nxd5 Ndxe5 19. dxe5 Qxd5 20. Bc4 Qd8 21. Rd1 Qc7 22. Bg5 Be6 23. Bxe6 fxe6 24. Qc4 Qc8 25. Rac1 O-O 26. Bxe7 Nxe7 27. Qb3 Nc6 28. Rd6 Re8 29. Ng5 Nxe5 30. Rxc8 Ng4+ 31. Kg3 Raxc8 32. Rxe6 Kh8 33. Rxe8+ Rxe8 34. Qf7 Re3+ 35. Kf4 Re2 36. Qf8# 1-0

[Event "December 19 Early 2023"]
[Site "https://www.chess.com"]
[Date "2023.12.19"]
[Round "2"]
[White "Shuvalov, Evgenij"]
[Black "Haug, Havard"]
[Result "0-1"]
[Board "61"]
[TimeControl "180+1"]
[WhiteFideId "4187237"]
[BlackFideId "1547887"]
[WhiteElo "2084"]
[BlackElo "2343"]
[WhiteTeam "FID"]
[BlackTeam "NOR"]
[WhiteClock "0:00:44"]
[BlackClock "0:00:41"]

1. d4 d5 2. c4 e6 3. Nc3 c5 4. cxd5 cxd4 5. Qa4+ Bd7 6. Qxd4 exd5 7. Qxd5 Nf6 8. Qd1 Bc5 9. e3 O-O 10. Nf3 Qe7 11. Be2 Rd8 12. O-O Nc6 13. a3 Ne5 14. Nd4 Bc6 15. b4 Bb6 16. Bb2 Bxd4 17. exd4 Ng6 18. Bf3 Bxf3 19. Qxf3 Rxd4 20. Rfe1 Qd7 21. Rad1 h6 22. h3 Kh7 23. Rxd4 Qxd4 24. Qxb7 Rd8 25. Qxf7 Rd7 26. Qb3 Qh4 27. Qc2 Qg5 28. Bc1 Qh5 29. Ne4 Nxe4 30. Qxe4 Re7 31. Qxe7 Nxe7 32. Bb2 Nd5 33. Bd4 a6 34. Bc5 Nf4 35. Be3 Nd3 36. Rf1 Qd5 37. Rd1 Qb3 38. a4 Qxd1+ 0-1

[Event "December 19 Early 2023"]
[Site "https://www.chess.com"]
[Date "2023.12.19"]
[Round "2"]
[White "Kezin, Roman"]
[Black "Vakhidov, Shahzod"]
[Result "1-0"]
[Board "62"]
[TimeControl "180+1"]
[WhiteFideId "24124621"]
[BlackFideId "14205270"]
[WhiteElo "2492"]
[BlackElo "2212"]
[WhiteTeam "RUS"]
[BlackTeam "UZB"]
[WhiteClock "0:00:43"]
[BlackClock "0:00:01"]

1. d4 Nf6 2. c4 c5 3. d5 b5 4. Nf3 g6 5. cxb5 a6 6. bxa6 Bg7 7. Nc3 O-O 8. a7 Rxa7 9. e4 d6 10. Be2 Nbd7 11. O-O Qb6 12. a4 Ba6 13. Re1 Rb8 14. Ra3 Ne8 15. Nb5 Raa8 16. Nd2 Ne5 17. Kh1 c4 18. Nxc4 Nxc4 19. Bxc4 Qxf2 20. Rf3 Qh4 21. b3 Bxb5 22. Bxb5 Be5 23. Rh3 Qf6 24. Rf1 Qh8 25. Bd2 Nf6 26. Qe2 h5 27. Bc6 Ra7 28. b4 e6 29. Be3 Re7 30. b5 exd5 31. exd5 Ng4 32. Bg1 Kf8 33. Qxg4 hxg4 34. Rxh8+ Bxh8 35. a5 Re2 36. a6 Ra2 37. a7 Rd8 38. b6 Be5 39. b7 1-0

[Event "December 19 Early 2023"]
[Site "https://www.chess.com"]
[Date "2023.12.19"]
[Round "2"]
[White "Ghevondyan, Arman"]
[Black "Sychev, Klementy"]
[Result "1/2-1/2"]
[Board "63"]
[TimeControl "180+1"]
[WhiteFideId "13312073"]
[BlackFideId "4114060"]
[WhiteElo "2176"]
[BlackElo "2583"]
[WhiteTeam "ARM"]
[BlackTeam "FID"]
[WhiteClock "0:00:06"]
[BlackClock "0:00:03"]

1. Nf3 Nf6 2. g3 d5 3. Bg2 c5 4. O-O e6 5. d4 cxd4 6. b3 Bd6 7. Nxd4 O-O 8. Bb2 Bd7 9. c4 Nc6 10. cxd5 Nxd5 11. Nc3 Nxc3 12. Bxc3 Rc8 13. Nb5 Be7 14. Nd6 Rb8 15. Rc1 Qc7 16. Nb5 Qd8 17. Qd2 a6 18. Nd4 Rc8 19. Rfd1 Qb6 20. Nf5 exf5 21. Qxd7 Ba3 22. Rb1 Bc5 23. Qxf5 Ne7 24. Qf3 Ng6 25. Ba1 Rcd8 26. h4 Rfe8 27. h5 Nf8 28. Rxd8 Rxd8 29. b4 Bd4 30. Bxd4 Qxd4 31. a3 b6 32. Qf4 Qc3 33. a4 Ne6 34. Qg4 h6 35. e3 Qc2 36. Rf1 Qxa4 37. Be4 Kf8 38. Bf5 Qd7 39. Kh2 Qd6 40. Rc1 Ng5 41. f4 Ne6 42. Bxe6 Qd2+ 43. Kh3 Qxc1 44. Qf5 Qh1+ 45. Kg4 Qd1+ 46. Kh3 Qh1+ 47. Kg4 Qd1+ 48. Kh3 Qh1+ 1/2-1/2

[Event "December 19 Early 2023"]
[Site "https://www.chess.com"]
[Date "2023.12.19"]
[Round "2"]
[White "Farahat, Ali"]
[Black "Klimkowski, Jan"]
[Result "1-0"]
[Board "64"]
[TimeControl "180+1"]
[WhiteFideId "10600507"]
[BlackFideId "21856222"]
[WhiteElo "2254"]
[BlackElo "2324"]
[WhiteTeam "USA"]
[BlackTeam "POL"]
[WhiteClock "0:01:55"]
[BlackClock "0:00:41"]

1. d4 Nf6 2. Nf3 e6 3. e3 d5 4. Bd3 c5 5. b3 Nc6 6. O-O Bd6 7. dxc5 Bxc5 8. Bb2 O-O 9. a3 b6 10. Nbd2 Bb7 11. b4 Be7 12. c4 a5 13. b5 Nb8 14. Qc2 h6 15. Rfd1 Nbd7 16. Rac1 Nc5 17. cxd5 Nxd3 18. Qxd3 Qxd5 19. Qxd5 Bxd5 20. Bxf6 Bxf6 21. e4 Bb7 22. e5 Be7 23. Nc4 Bc5 24. Nd4 Bd5 25. Nc6 a4 26. h4 Rfc8 27. Nxb6 Rxc6 28. Nxa8 1-0